 Dungeon Crawl Stone Soup version 0.19-a0-1007-g133f65f (console) character file.

15964 brucemayne the Cleaver (level 12, -18/136 (138) HPs)
             Began as a Vampire Berserker on July 20, 2016.
             Was an Elder of Trog.
             Demolished by Saint Roka
             ... wielding a +0 war axe of flaming
              (27 damage)
             ... on level 2 of the Orcish Mines.
             The game lasted 00:33:31 (6933 turns).

brucemayne the Cleaver (Vampire Berserker)          Turns: 6933, Time: 00:33:31

HP:   -18/136 (138) AC: 17    Str: 25    XL:     12   Next: 5%
MP:   12/12         EV:  9    Int: 11    God:    Trog [****..]
Gold: 1486          SH:  4    Dex: 13    Spells: 0 memorised, 11 levels left

rFire  . . .     SeeInvis +     O - +3 war axe
rCold  . . .     Gourm    .     K - +2 chain mail of Okawaru's Condemnation {rElec}
rNeg   + . .     Faith    .     (no shield)
rPois  .         Spirit   .     t - +0 helmet
rElec  +         Dismiss  .     j - +2 cloak
rCorr  .         Reflect  +     (no gloves)
SustAt .         Harm     .     (no boots)
MR     +++..                    P - +4 amulet of reflection
Stlth  ..........               (no ring)
                                v - ring of flight

@: berserking (expiring), regenerating, very quick, extremely resistant to
hostile enchantments, extremely unstealthy
A: fangs 3, see invisible, unbreathing
a: Bat Form, Berserk, Trog's Hand, Brothers in Arms, Burn Spellbooks, Renounce
Religion, Evoke Flight


You were on level 2 of the Orcish Mines.
You worshipped Trog.
Trog was greatly pleased with you.
You were not thirsty.

You visited 2 branches of the dungeon, and saw 15 of its levels.

You collected 1514 gold pieces.
You spent 28 gold pieces at shops.

Inventory:

Hand Weapons
 n - a +0 battleaxe
 x - a +0 club
 O - a +3 war axe (weapon)
 Q - a +0 whip
Missiles
 b - 4 throwing nets (quivered)
Armour
 j - a +2 cloak (worn)
 t - a +0 helmet (worn)
 z - a +0 plate armour
 B - a cursed +0 large shield
 K - the +2 chain mail of Okawaru's Condemnation (worn) {rElec}
   (You found it on level 12 of the Dungeon)

   It insulates you from electricity.
Jewellery
 v - a ring of flight (left hand)
 P - a +4 amulet of reflection (around neck)
Wands
 a - a wand of lightning (3/15)
 q - a wand of teleportation (3/9)
 u - a wand of paralysis (10/24)
 C - a wand of lightning (4/15)
 F - a wand of paralysis (15/24)
 G - a wand of paralysis (15/24)
 M - a wand of slowing (15/48)
 N - a wand of disintegration (6/24)
 S - a wand of teleportation (6/9)
Scrolls
 f - 6 scrolls of remove curse
 g - a scroll of identify
 h - a scroll of noise {unknown}
 i - 2 scrolls of magic mapping {unknown}
 k - a scroll of immolation
 r - a scroll of fog
 A - a scroll of silence {unknown}
 D - a scroll of vulnerability
 E - a scroll of fear {unknown}
Potions
 c - 12 potions of blood
 d - 2 potions of degeneration {unknown}
 e - a potion of cancellation {unknown}
 l - a potion of heal wounds {unknown}
 m - 2 potions of curing {unknown}
 o - a potion of agility
 p - a potion of lignification {unknown}
 s - a potion of berserk rage {unknown}
 w - a potion of might {unknown}
 H - a potion of cure mutation {unknown}
 T - a potion of brilliance {unknown}
Books
 y - a book of Battle

   Spells                             Type                      Level
   a - Infusion                       Charms                       1
   b - Shroud of Golubria             Charms/Translocation         2
   c - Song of Slaying                Charms                       2
   d - Spectral Weapon                Hexes/Charms                 3
   e - Regeneration                   Charms/Necromancy            3
   Trog disapproves of the use of such an item.
 I - a book of Flames

   Spells                             Type                      Level
   a - Flame Tongue                   Conjuration/Fire             1
   b - Throw Flame                    Conjuration/Fire             2
   c - Conjure Flame                  Conjuration/Fire             3
   d - Inner Flame                    Hexes/Fire                   3
   e - Sticky Flame                   Conjuration/Fire             4
   f - Fireball                       Conjuration/Fire             5
   Trog disapproves of the use of such an item.
 L - a book of Annihilations

   Spells                             Type                      Level
   a - Poison Arrow                   Conjuration/Poison           6
   b - Chain Lightning                Conjuration/Air              8
   c - Lehudib's Crystal Spear        Conjuration/Earth            8
   d - Glaciate                       Conjuration/Ice              9
   e - Fire Storm                     Conjuration/Fire             9
   Trog disapproves of the use of such an item.
Miscellaneous
 J - a sack of spiders
 R - a lamp of fire


   Skills:
 + Level 7.8 Fighting
 + Level 14.0 Axes
 - Level 8.0 Armour
 - Level 2.1 Dodging


You had 11 spell levels left.
You didn't know any spells.

Dungeon Overview and Level Annotations

Branches:
Dungeon (13/15)               Orc (2/2) D:9             Elf (0/3) Orc:2
 Temple: D:4-7         Lair: D:8-11      Vaults: D:13-14

Altars:
Cheibriados
Fedhas
Gozag
Makhleb
Okawaru
Pakellas
Trog
Xom
Beogh

Shops:
Orc:2 ?*:

Annotations:
D:9 exclusion: downstairs
D:12 exclusion: upstairs
Orc:2 Saint Roka


Innate Abilities, Weirdness & Mutations

You have razor-sharp teeth.
You have supernaturally acute eyesight. (SInv)
You can survive without breathing.


Message History

You hit Saint Roka but do no damage. Your bite misses Saint Roka.
Saint Roka is heavily wounded.
Unknown command.
You hit Saint Roka. Your bite misses Saint Roka.
Saint Roka is heavily wounded.
Unknown command.
You barely miss Saint Roka.
Saint Roka is heavily wounded.
Saint Roka hits you with a war axe of flaming!
* * * LOW HITPOINT WARNING * * *
Saint Roka burns you!
* * * LOW HITPOINT WARNING * * *
Unknown command.
You hit Saint Roka.
Saint Roka is heavily wounded.
Unknown command.
You barely miss Saint Roka.
Saint Roka is heavily wounded.
Saint Roka hits you with a war axe of flaming!!
You die...

. ........8.## ##......... .
#.#.......## ###.##....
###....#...# #.......
#####......#..### .....>...
................## ##.......
####.............# ##.....)
...##...........## ###....
....#.......#...## ##...
._.)#...........@# ###.
...['..........o#############
##
...##.......##.#.o.o.o......##
#.
####.........#...##########..#
#. ...............### #
##.##.. .........##...## #.
#..... ..........##..# #..
####o#.. #.........#..##
'###'##8.#.... .............#
o...o.o..'.8..


You could see Saint Roka.

Vanquished Creatures
  A stone giant (Orc:1)
  Harold (Orc:1)
  2 orc high priests (Orc:2)
  A tengu warrior (D:13)
  2 unseen horrors
  A hill giant (D:10)
  2 orc knights
  The ghost of Multipenetrator the Destroyer, a novice DECj of Vehumet (D:9)
  An orc sorcerer (Orc:2)
  A manticore (D:11)
  A gargoyle (D:12)
  Maurice (Orc:2)
  A kobold demonologist (D:12)
  4 trolls
  A two-headed ogre (D:13)
  8 yaks (D:12)
  2 steam dragons
  A mottled dragon (D:11)
  A warg (Orc:2)
  A black bear (D:12)
  3 ice beasts
  22 orc warriors
  2 sky beasts
  3 ogres
  2 necrophages (D:11)
  A centaur (D:5)
  A big kobold (D:9)
  2 giant frogs
  3 howler monkeys
  3 crimson imps
  A centaur zombie (D:5)
  4 hounds
  2 giant frog zombies
  11 orc priests
  4 giant frog skeletons
  20 orc wizards
  A centaur skeleton (D:12)
  8 iguanas
  3 worker ants
  A killer bee zombie (D:9)
  A hound zombie (D:5)
  A hound skeleton (D:4)
  7 adders
  An ooze (D:3)
  2 adder zombies
  An adder skeleton (D:4)
  A worm (D:2)
  A dart slug (D:1)
  67 orcs
  2 giant cockroaches
  4 goblins
  9 hobgoblins
  5 jackals
  5 quokkas
  5 bats
  A giant gecko skeleton (D:4)
  4 giant newts
  6 kobolds (D:9)
  5 rats
259 creatures vanquished.

Vanquished Creatures (others)
  A yak (D:4)
1 creature vanquished.

Grand Total: 260 creatures vanquished

Notes
Turn   | Place    | Note
-------+----------+-------------------------------------------
     0 | D:1      | brucemayne the Vampire Berserker began the quest for the Orb.
     0 | D:1      | Reached XP level 1. HP: 17/17 MP: 1/1
   137 | D:1      | Reached skill level 3 in Axes
   254 | D:2      | Reached XP level 2. HP: 23/23 MP: 2/2
   381 | D:2      | Reached XP level 3. HP: 15/28 MP: 3/3
   475 | D:2      | Reached skill level 4 in Axes
   552 | D:3      | Reached ** piety under Trog
   667 | D:4      | Reached XP level 4. HP: 17/34 MP: 4/4
   717 | D:4      | Found an oddly glowing altar of Pakellas.
   717 | D:4      | Noticed a yak
   724 | D:4      | Killed a yak
   759 | D:3      | Found a burning altar of Makhleb.
   867 | D:3      | Reached skill level 5 in Axes
   895 | D:5      | Entered Level 5 of the Dungeon
   995 | D:5      | Reached XP level 5. HP: 24/39 MP: 5/5
  1010 | D:4      | Noticed a phantom
  1108 | D:4      | You fall through a shaft!
  1171 | D:5      | Noticed a centaur
  1178 | D:5      | Killed a centaur
  1178 | D:5      | Reached skill level 6 in Axes
  1178 | D:5      | Reached XP level 6. HP: 15/46 MP: 6/6
  1342 | D:5      | Noticed a sky beast
  1369 | D:5      | Killed a sky beast
  1369 | D:5      | Reached skill level 7 in Axes
  1374 | D:5      | Noticed an ice beast
  1381 | D:5      | Reached XP level 7. HP: 48/51 MP: 7/7
  1413 | D:4      | Found an iron altar of Okawaru.
  1519 | D:6      | Found a bloodstained altar of Trog.
  1546 | D:6      | Reached skill level 8 in Axes
  1885 | D:7      | Reached *** piety under Trog
  1888 | D:7      | Reached skill level 9 in Axes
  1888 | D:7      | Reached XP level 8. HP: 57/57 MP: 8/8
  2165 | D:7      | Found a blossoming altar of Fedhas.
  2170 | D:7      | Found an opulent altar of Gozag.
  2174 | D:7      | Found a snail-covered altar of Cheibriados.
  2208 | D:7      | Reached skill level 10 in Axes
  2550 | D:9      | Noticed Multipenetrator's ghost (novice DECj)
  2563 | D:9      | Killed Multipenetrator's ghost
  2572 | D:9      | Found a staircase to the Orcish Mines.
  2656 | D:9      | Reached XP level 9. HP: 61/65 MP: 9/9
  2683 | Orc:1    | Entered Level 1 of the Orcish Mines
  2683 | Orc:1    | Noticed a stone giant
  2844 | D:10     | Entered Level 10 of the Dungeon
  3063 | D:11     | Found a shimmering altar of Xom.
  3108 | D:11     | Noticed a manticore
  3124 | D:11     | Noticed a troll
  3173 | D:11     | Killed a troll
  3173 | D:11     | Reached skill level 5 in Fighting
  3205 | D:11     | Noticed a troll
  3232 | D:11     | Killed a troll
  3317 | D:12     | Reached skill level 5 in Armour
  3551 | D:12     | Noticed a kobold demonologist
  3574 | D:12     | Noticed a hill giant
  3574 | D:12     | Noticed a red ugly thing
  3592 | D:12     | Noticed a hill giant
  3726 | D:12     | Reached XP level 10. HP: 55/73 MP: 10/10
  3730 | D:12     | Reached skill level 11 in Axes
  3887 | D:12     | Got a spiked chain mail
  3897 | D:12     | Identified the +2 chain mail of Okawaru's Condemnation {rElec} (You found it on level 12 of the Dungeon)
  3923 | D:12     | Noticed a gargoyle
  3953 | D:12     | Killed a gargoyle
  4047 | D:12     | Noticed a green ugly thing
  4100 | D:13     | Noticed a tengu warrior
  4101 | D:13     | Noticed a tengu warrior
  4141 | D:13     | Killed a tengu warrior
  4231 | D:11     | Noticed an unseen horror
  4254 | D:11     | Killed an unseen horror
  4352 | D:11     | Killed a manticore
  4352 | D:11     | Reached skill level 12 in Axes
  4515 | D:10     | Noticed a hill giant
  4528 | D:10     | Killed a hill giant
  4656 | D:10     | Noticed an unseen horror
  4719 | D:10     | Killed an unseen horror
  4719 | D:10     | Reached XP level 11. HP: 40/79 MP: 11/11
  4854 | Orc:1    | Killed a stone giant
  4914 | Orc:1    | Noticed an orc knight
  4943 | Orc:1    | Killed an orc knight
  4943 | Orc:1    | Reached skill level 13 in Axes
  5203 | Orc:1    | Noticed Harold
  5221 | Orc:1    | Killed Harold
  5329 | Orc:2    | Entered Level 2 of the Orcish Mines
  5329 | Orc:2    | Noticed Maurice
  5330 | Orc:2    | Found a staircase to the Elven Halls.
  5349 | Orc:2    | Killed Maurice
  5429 | Orc:2    | Found a roughly hewn altar of Beogh.
  5510 | Orc:2    | Reached **** piety under Trog
  5532 | Orc:2    | Found a roughly hewn altar of Beogh.
  5612 | Orc:2    | Found a roughly hewn altar of Beogh.
  5613 | Orc:2    | Noticed an orc high priest
  5633 | Orc:2    | Found Icutocw's Book Emporium.
  5639 | Orc:2    | Killed an orc high priest
  5688 | Orc:2    | Found Okigeo's Assorted Antiques.
  5746 | Orc:2    | Found a roughly hewn altar of Beogh.
  5925 | Orc:2    | Found a roughly hewn altar of Beogh.
  5969 | Orc:2    | Found a roughly hewn altar of Beogh.
  5970 | Orc:2    | Noticed an orc high priest
  5991 | Orc:2    | Killed an orc high priest
  6036 | Orc:2    | Found Gunes's Magic Scroll Shoppe.
  6041 | Orc:2    | Bought a scroll of fog for 28 gold pieces
  6332 | Orc:2    | Noticed Saint Roka
  6429 | Orc:2    | Noticed an orc sorcerer
  6583 | Orc:2    | Noticed an orc knight
  6613 | Orc:2    | Killed an orc knight
  6613 | Orc:2    | Reached XP level 12. HP: 91/91 MP: 12/12
  6780 | Orc:2    | Paralysed by an orc sorcerer for 7 turns
  6801 | Orc:2    | Reached skill level 14 in Axes
  6849 | Orc:2    | Noticed an orc high priest
  6933 | Orc:2    | Demolished by Saint Roka

Vault maps used:
D:1:      dpeg_arrival_chambers_temple_mockup
D:2:      patterned_corridor
D:3:      ecumenical_altar_2, bloody_makhleb
D:4:      gammafunk_pakellas_its_alive, lemuel_doored_altar,
          overflow_temple_1_default, first_bread, minmay_liquid_box
D:5:      minmay_misc_feat_chi
D:6:      bloody_trog
D:7:      minmay_overflow_temple_star_quad, serial_shops, shop,
          serial_bayou_lake_a
D:8:      grunt_ogre_cave, uniq_gastronok
D:9:      orc_0_dummy, corexii_leaking_fountain, evilmike_butchery
D:10:     lair_0_dummy
D:11:     glass_columns_a, xom_teletrap_fun, uniq_snorg
D:12:     minmay_concentric_multi
D:13:     wad_cavern_with_rooms, special_room
Orc:1:    uniq_harold
Orc:2:    grunt_orc_community_town_hall, grunt_orc_community_big_house_2,
          grunt_orc_community_big_house_1, grunt_orc_community_house_1,
          grunt_orc_community_house_3, grunt_orc_community_house_1,
          grunt_orc_community_house_3, grunt_orc_community_house_3,
          serial_shops, shop_statue, mines_bat_river, uniq_maurice,
          uniq_saint_roka

Skill      XL: |  1  2  3  4  5  6  7  8  9 10 11 12 |
---------------+-------------------------------------+-----
Axes           | 3 4 5 6 7 9 10 12 13 14 | 14.0
Fighting       | 4 5 7 |  7.8
Armour         | 3 5 8 |  8.0
Dodging        | |  2.1

Action                   |  1- 3 |  4- 6 |  7- 9 | 10-12 || total
-------------------------+-------+-------+-------+-------++-------
Melee: Hand axe          |    60 |    89 |   360 |    61 ||   570
       Bite              |     3 |     8 |    40 |    67 ||   118
       Unarmed           |       |       |     1 |       ||     1
       War axe           |       |       |       |   414 ||   414
Invok: Berserk           |     5 |     8 |    10 |    13 ||    36
       Trog's Hand       |       |     4 |     6 |    24 ||    34
       Brothers in Arms  |       |       |       |     1 ||     1
 Abil: End Transformatio |     1 |     7 |     5 |    12 ||    25
       Bat Form          |     1 |     7 |     5 |    12 ||    25
Evoke: Wand              |       |       |     1 |     3 ||     4
  Use: Potion            |     8 |     9 |    19 |    30 ||    66
       Scroll            |       |     2 |     9 |     3 ||    14
 Stab: Sleeping          |     2 |       |       |       ||     2
       Paralysed         |       |       |       |     9 ||     9
Armor: Animal skin       |     9 |       |       |       ||     9
       Chain mail        |       |    64 |    28 |   199 ||   291
       Plate armour      |       |       |   176 |     7 ||   183
Dodge: Dodged            |    41 |    38 |   114 |   135 ||   328
Block: Other             |       |       |       |    47 ||    47
